 Dungeon Crawl Stone Soup version 0.19.0-24-gb05acd6 (webtiles) character file.

180 Shushpanzer the Skirmisher (level 5, -3/42 HPs)
             Began as a Mummy Chaos Knight on Nov 21, 2016.
             Killed from afar by Blork the orc (7 damage)
             ... with a puff of flame
             ... on level 4 of the Dungeon.
             The game lasted 00:27:15 (1942 turns).

Shushpanzer the Skirmisher (Mummy Chaos Knight)     Turns: 1942, Time: 00:27:20

Health: -3/42      AC:  5    Str: 16    XL:     5   Next: 33%
Magic:  5/5        EV: 12    Int: 11    God:    Xom [...*..]
Gold:   105        SH:  0    Dex: 15    Spells: 0 memorised, 4 levels left

rFire  x . .     SeeInvis .     t - +0 war axe (curse)
rCold  + . .     Gourm    .     b - +2 leather armour
rNeg   + + +     Faith    .     (no shield)
rPois  ∞         Spirit   .     (no helmet)
rElec  .         Reflect  .     (no cloak)
rCorr  .         Harm     .     (no gloves)
MR     .....                    (no boots)
Stlth  +.........               (no amulet)
                                h - +3 ring of dexterity
                                f - ring of positive energy

@: no status effects
A: no food or potions, fire vulnerability, cold resistance 1, negative energy
resistance 3, torment resistance, unbreathing
a: Renounce Religion


You were on level 4 of the Dungeon.
You worshipped Xom.
You were a favourite toy of Xom.
You were not hungry.

You visited 1 branch of the dungeon, and saw 4 of its levels.

You collected 105 gold pieces.

Inventory:

Hand Weapons
 a - a +1 falchion of chaos
 r - a +0 blowgun
 t - a cursed +0 war axe (weapon)
Missiles
 l - 13 arrows
 s - 19 poisoned needles (quivered)
Armour
 b - a +2 leather armour (worn)
 k - a +1 ring mail
Jewellery
 f - a ring of positive energy (left hand)
 h - a +3 ring of dexterity (right hand)
Scrolls
 g - a scroll of teleportation
 i - a scroll of enchant weapon
 q - a scroll of identify
Potions
 c - a potion of degeneration {gavno, unknown}
 e - 2 potions of might {unknown}
 j - a potion of mutation {unknown}
 m - a potion of curing {unknown}
Comestibles
 d - 2 bread rations
 o - a beef jerky


   Skills:
 + Level 4.1 Fighting
 + Level 3.5 Long Blades
 + Level 0.1 Axes
 + Level 2.3 Armour
 + Level 1.8 Dodging
 + Level 0.1 Stealth


You had 4 spell levels left.
You didn't know any spells.

Dungeon Overview and Level Annotations

Branches:
Dungeon (4/15)
 Temple: D:4-7

Altars:
Xom

Annotations:
D:4 Blork the orc


Innate Abilities, Weirdness & Mutations

You do not eat or drink.
Your flesh is vulnerable to fire.
You are immune to poison.
Your flesh is cold resistant. (rC+)
You are immune to negative energy. (rN+++)
You are immune to unholy pain and torment.
You can survive without breathing.


Message History

Blork the orc hits you with a mace.
* * * LOW HITPOINT WARNING * * *
You hit Blork the orc.
Blork the orc is lightly wounded.
Blork the orc barely misses you.
You closely miss Blork the orc.
Blork the orc is lightly wounded.
Blork the orc closely misses you.
You hit Blork the orc.
Blork the orc is moderately wounded.
Blork the orc hits you with a mace.
* * * LOW HITPOINT WARNING * * *
You closely miss Blork the orc.
Blork the orc is moderately wounded.
Blork the orc barely misses you.
Blork the orc points at you and mumbles some strange words.
The puff of flame hits you! The fire burns you terribly!
Xom thinks this is hilarious!
You die...
Xom roars with laughter!

..## #....##.#.. ...
..........
###+#.####..#.##.#
..###.....##.........#
>.................. .
..###.....##...##.####..
......................#
..#####†#.##...#......#
...####.#.##...#@.....#
........#.##...#o.....#
#..###..............###
..#....#.##.......##
#.#.#..#.###..##...
##.#.#..#.###..# ...#
............... ...#
##..##.###.##. ...#
##..##.### #


You could see Blork the orc.

Vanquished Creatures
  An orc priest (D:3)
  2 worker ants (D:4)
  2 adders (D:2)
  A gnoll (D:2)
  A worm (D:3)
  A dart slug (D:2)
  2 leopard geckos
  An orc (D:3)
  5 giant cockroaches
  10 hobgoblins
  2 jackals (D:3)
  8 kobolds
  A quokka (D:3)
  A ball python (D:4)
  5 bats
  4 frilled lizards
  6 goblins
  4 rats
57 creatures vanquished.

Vanquished Creatures (collateral kills)
  2 gnolls (D:2)
2 creatures vanquished.

Grand Total: 59 creatures vanquished

Notes
Turn   | Place    | Note
-------+----------+-------------------------------------------
     0 | D:1      | Shushpanzer the Mummy Chaos Knight began the quest for the Orb.
     0 | D:1      | Reached XP level 1. HP: 18/18 MP: 1/1
    48 | D:1      | XOM: silly message
   166 | D:1      | Reached XP level 2. HP: 21/24 MP: 2/2
   536 | D:1      | XOM: harmless Divn miscast
   642 | D:1      | XOM: divination: detect items
   714 | D:2      | XOM: silly message
   722 | D:2      | Reached skill level 1 in Dodging
   724 | D:2      | XOM: harmless Hex miscast
   725 | D:2      | Reached XP level 3. HP: 6/29 MP: 3/3
   747 | D:2      | XOM: divination: magic mapping
  1016 | D:2      | XOM: cast spell 'Call Canine Familiar'
  1029 | D:2      | Reached XP level 4. HP: 11/36 MP: 4/4
  1382 | D:3      | XOM: noise
  1543 | D:3      | XOM: scenery: create altars
  1899 | D:4      | XOM: enchant monster (good)
  1903 | D:4      | Reached skill level 4 in Fighting
  1903 | D:4      | Reached XP level 5. HP: 12/42 MP: 5/5
  1935 | D:4      | Noticed Blork the orc
  1942 | D:4      | Killed from afar by Blork the orc

Skill      XL: |  1  2  3  4 |
---------------+-------------+-----
Dodging        | 1 |  1.8
Armour         | 2 |  2.3
Long Blades    | 3 |  3.5
Fighting       | 4 |  4.1
Axes           | |  0.1
Stealth        | |  0.1

Action                   |  1- 3 |  4- 6 || total
-------------------------+-------+-------++-------
Melee: Falchion          |    82 |    57 ||   139
       War axe           |       |    22 ||    22
  Use: Scroll            |     3 |     6 ||     9
Armor: Leather armour    |    51 |    17 ||    68
Dodge: Dodged            |    61 |    55 ||   116
       Rpst.: Falchion   |    22 |    15 ||    37
